 Dungeon Crawl Stone Soup version 0.29.1-13-g9f3cf754e1 (webtiles) character file.

Game seed: 12387978854206996161

1593 javelincjr the Conjurer (level 8, 0/62 HPs)
             Began as a Demigod Conjurer on Jan 19, 2023.
             Slain by a steam dragon (7 damage)
             ... on level 7 of the Dungeon.
             The game lasted 00:23:00 (6703 turns).

javelincjr the Conjurer (Demigod Conjurer)          Turns: 6703, Time: 00:23:01

Health: 0/62       AC:  7    Str:  8    XL:     8   Next: 35%
Magic:  5/17       EV: 12    Int: 30    God:
Gold:   345        SH:  5    Dex: 10    Spells: 8/15 levels left

rFire   . . .      SeeInvis .   A - +7 morningstar "Earthworm" {venom, +Blink rElec Int+2}
rCold   . . .      Faith    .   (no shield)
rNeg    . . .      Spirit   .   a - +0 robe
rPois   .          Reflect  +   K - +0 helmet
rElec   +          Harm     .   w - +0 cloak
rCorr   .          Rampage  .   l - +0 pair of gloves
Will    .....                   H - +0 pair of boots
Stlth   ++........              k - amulet of reflection
HPRegen 0.00/turn               (no ring)
MPRegen 0.15/turn               (no ring)

@: inhibited regen
A: high MP 1, forlorn, divine attributes, claws 1, clumsy 1, shaggy fur 1,
inhibited regeneration
a: Evoke Blink


You were on level 7 of the Dungeon.
You visited 1 branch of the dungeon, and saw 7 of its levels.

You collected 345 gold pieces.

Inventory:

Hand Weapons
 r - a +1 dagger of protection
 y - a +0 falchion of electrocution
 A - the +7 morningstar "Earthworm" (weapon) {venom, +Blink rElec Int+2}
   (You found it on level 3 of the Dungeon)

   It poisons the flesh of those it strikes.
   Int:       It affects your intelligence (+2).
   rElec:     It insulates you from electricity.
   +Blink:    It lets you blink.
 B - a +2 flail of protection
 J - a +3 mace of protection
 N - a +0 long sword of holy wrath
Missiles
 f - 16 poisoned darts
 I - 6 boomerangs
Armour
 a - a +0 robe (worn)
 l - a +0 pair of gloves (worn)
 w - a +0 cloak (worn)
 H - a +0 pair of boots (worn)
 K - a +0 helmet (worn)
Magical Staves
 L - a staff of poison
Jewellery
 k - an amulet of reflection (around neck)
 C - a +4 ring of protection
 E - a ring of poison resistance
Wands
 M - a wand of roots (8)
Scrolls
 h - 2 scrolls of amnesia {unknown}
 n - 5 scrolls of teleportation {unknown}
 p - 3 scrolls of acquirement {unknown}
 q - a scroll of poison {unknown}
 s - 2 scrolls of brand weapon {unknown}
 t - 2 scrolls of vulnerability {unknown}
 v - 3 scrolls of magic mapping {unknown}
 x - 6 scrolls of identify {unknown}
 z - 2 scrolls of fog {unknown}
 D - a scroll of enchant armour {unknown}
Potions
 b - a potion of magic
 c - a potion of ambrosia {unknown}
 d - 5 potions of haste {unknown}
 e - 6 potions of heal wounds
 i - 3 potions of curing {unknown}
 j - 3 potions of mutation
 m - 3 potions of attraction {unknown}
 o - 3 potions of might {unknown}
 u - 2 potions of lignification {unknown}
 F - a potion of degeneration {unknown}
 G - a potion of cancellation {unknown}


   Skills:
 + Level 2.7 Fighting
 + Level 1.4 Short Blades
 + Level 3.5 Maces & Flails
 + Level 3.8 Dodging
 + Level 3.9 Stealth
 + Level 1.0 Shields
 + Level 4.3 Spellcasting
 + Level 6.2 Conjurations
 + Level 1.2 Hexes


You had 8 spell levels left.
You knew the following spells:

 Your Spells              Type           Power      Damage    Failure   Level
a - Magic Dart            Conj           100%       1d8       1%          1
b - Searing Ray           Conj           86%        2d7       1%          2
c - Fulminant Prism       Conj/Hex       14%        3d9       14%         4

Your spell library contained the following spells:

 Spells                   Type           Power      Damage    Failure   Level
 Static Discharge         Conj/Air       25%        3-7/arc   2%          2
 Dazzling Flash           Conj/Hex       56%        N/A       4%          3
 Iskenderun's Mystic Bla  Conj/Tloc      25%        2d7       17%         4
 Sticky Flame             Conj/Fire      25%        2d5       17%         4
 Gell's Gravitas          Tloc           6%         N/A       19%         3
 Lesser Beckoning         Tloc           6%         N/A       19%         3
 Teleport Other           Tloc           6%         N/A       19%         3
 Dispel Undead            Necr           6%         3d8       54%         4


Dungeon Overview and Level Annotations

Branches:
Dungeon (7/15)
 Temple: D:4-7

Shops:
D:2 ([


Innate Abilities, Weirdness & Mutations

You have an increased reservoir of magic. (+10% MP)
You shall have no god before yourself.
Your divine heritage dramatically boosts your attributes as you level up.
You have sharp fingernails.
You are clumsy. (Dex -2)
You are covered in fur. (AC +1)
You do not regenerate when monsters are visible.


Message History

The steam dragon claws you but does no damage.
You hit the steam dragon but do no damage.
The steam dragon is poisoned.
A white imp comes into view.
The steam dragon breathes steam at you. The ball of steam hits you!
* * * LOW HITPOINT WARNING * * *
You hear an angry growl.
A bullfrog comes into view.
The steam dragon attacks as you move away!
The steam dragon bites you.
* * * LOW HITPOINT WARNING * * *
The steam dragon claws you.
* * * LOW HITPOINT WARNING * * *
It was a potion of mutation.
You feel extremely strange.
Your regeneration stops near monsters.
You feel clumsy.
Your fingernails lengthen.
Fur sprouts all over your body. The steam dragon bites you!
* * * LOW HITPOINT WARNING * * *
The steam dragon claws you.
* * * LOW HITPOINT WARNING * * *
It was a potion of heal wounds.
You feel much better. The steam dragon barely misses you.
The steam dragon claws you.
The steam dragon attacks as you move away!
The steam dragon closely misses you. x2
A black bear comes into view.
Your magical contamination has completely faded away.
The steam dragon attacks as you move away!
The steam dragon barely misses you.
The steam dragon claws you but does no damage.
The steam dragon breathes steam at you. The ball of steam hits you!
* * * LOW HITPOINT WARNING * * *
You hear an angry growl.
You hear a loud, deep croak!
You sock the steam dragon!
The steam dragon looks as sick as possible!
The steam dragon is severely wounded.
The steam dragon breathes steam at you. The ball of steam misses you.
The steam dragon bites you!
You die...

##........[##.♣.
#.........#...F
#.........h#
###...D...##
#...5...#
#.§.....#
#§####.....
####D# .....#
#§§.@### ....##
#§.§§..# ....#
#§§§§#.# ....
##...##.#
#....+..#
########
#....####
......># #....#
.......# #.####
.......# #.#


You could see a steam dragon (extremely poisoned).

Vanquished Creatures
  Prince Ribbit (D:5)
  2 black bears (D:4)
  2 ice beasts
  2 ogres
  A bullfrog (D:6)
  A necrophage (D:5)
  3 scorpions
  A howler monkey (D:4)
  An electric eel (D:6)
  A hound (D:5)
  An orc priest (D:5)
  A gnoll bouda (D:6)
  An orc wizard (D:5)
  4 iguanas
  7 gnolls
  11 adders
  2 shadow imps
  3 white imps
  4 dart slugs
  8 orcs
  8 ball pythons
  7 bats
  5 endoplasms
  4 giant cockroaches
  5 goblins
  6 hobgoblins
  3 quokkas
  4 kobolds
  4 rats
103 creatures vanquished.

Vanquished Creatures (others)
  16 fulminant prisms
16 creatures vanquished.

Grand Total: 119 creatures vanquished

Notes
Turn   | Place    | Note
-------+----------+-------------------------------------------
     0 | D:1      | javelincjr the Demigod Conjurer began the quest for the
                  | Orb.
     0 | D:1      | Reached XP level 1. HP: 14/14 MP: 5/5
   293 | D:1      | Reached skill level 4 in Conjurations
   293 | D:1      | Reached XP level 2. HP: 16/20 MP: 0/7
   914 | D:2      | Learned a level 2 spell: Searing Ray
  1005 | D:2      | Found Eddeid's Antique Armour Emporium.
  1054 | D:2      | Reached XP level 3. HP: 26/26 MP: 2/8
  1152 | D:2      | Found Hennubisch's Antique Weapon Boutique.
  1999 | D:3      | Reached XP level 4. HP: 33/33 MP: 7/10
  2322 | D:3      | Reached skill level 1 in Short Blades
  2438 | D:3      | Identified the +7 morningstar "Earthworm" {venom, +Blink
                  | rElec Int+2}
  2854 | D:4      | Noticed an ogre
  2861 | D:4      | Killed an ogre
  2862 | D:4      | Reached XP level 5. HP: 38/38 MP: 6/12
  2865 | D:4      | Noticed a black bear
  2876 | D:4      | Killed a black bear
  2877 | D:4      | Reached skill level 5 in Conjurations
  3028 | D:4      | Reached XP level 6. HP: 23/46 MP: 8/13
  3441 | D:4      | Reached skill level 1 in Maces & Flails
  4086 | D:4      | Reached skill level 1 in Fighting
  4086 | D:4      | Reached XP level 7. HP: 52/52 MP: 9/15
  4362 | D:5      | Entered Level 5 of the Dungeon
  4598 | D:5      | Learned a level 4 spell: Fulminant Prism
  4644 | D:5      | Reached skill level 1 in Shields
  5004 | D:5      | Noticed Prince Ribbit
  5018 | D:5      | Killed Prince Ribbit
  5256 | D:5      | Reached skill level 6 in Conjurations
  5681 | D:6      | Reached XP level 8. HP: 61/61 MP: 13/17
  5835 | D:6      | Reached skill level 1 in Hexes
  6696 | D:7      | Gained mutation: You do not regenerate when monsters are
                  | visible. [potion of mutation]
  6696 | D:7      | Gained mutation: You are clumsy. (Dex -2) [potion of
                  | mutation]
  6696 | D:7      | Gained mutation: You have sharp fingernails. [potion of
                  | mutation]
  6696 | D:7      | Gained mutation: You are covered in fur. (AC +1) [potion of
                  | mutation]
  6696 | D:7      | HP: 3/62 [steam dragon (1)]
  6703 | D:7      | Slain by a steam dragon

Illustrated notes

Levels and vault maps discovered:
D:1:      dpeg_arrival_pits, layout_loops_cross, serial_glass, glass_columns_a,
          glass_columns_a
D:2:      layout_loops_ring, hellmonk_ecumenical_altar_arch_garden,
          serial_shops, nicolae_shop_temple_entry_statues_fountains,
          nicolae_shop_stone, basic_altar, dreamdust_wishing_well,
          minmay_worlds_worst_comb
D:3:      layout_basic, grunt_temple_overflow_growth_and_decay
D:4:      layout_basic
D:5:      layout_loops_cross, kennysheep_mini, uniq_prince_ribbit1
D:6:      cheibrodos_quashed, layout_rooms, nicolae_overflow_two_pavilions,
          mainiacjoe_overflow_alcove_4
D:7:      gammafunk_steamed_eel, layout_basic,
          grunt_temple_overflow_gold_and_silver, nemelex_spade_bored_becter,
          minmay_temple_entry_crystal_x, minmay_ruined_shrine

Skill      XL: |  1  2  3  4  5  6  7  8 |
---------------+-------------------------+-----
Spellcasting   | 2 3 4 |  4.3
Conjurations   | 4 5 6 |  6.2
Dodging        | 2 3 |  3.8
Stealth        | 2 3 |  3.9
Short Blades   | 1 |  1.4
Maces & Flails | 2 3 |  3.5
Fighting       | 1 2 |  2.7
Shields        | 1 |  1.0
Hexes          | 1 |  1.2

Action                   |  1- 3 |  4- 6 |  7- 9 || total
-------------------------+-------+-------+-------++-------
Melee: Spear             |    10 |       |       ||    10
       Dagger            |    20 |    12 |       ||    32
       Morningstar       |       |    24 |    47 ||    71
       Punch             |       |     1 |       ||     1
 Cast: Magic Dart        |    66 |    41 |    16 ||   123
       Searing Ray       |     1 |    10 |     5 ||    16
       Fulminant Prism   |       |       |    16 ||    16
  Use: Potion            |       |       |     2 ||     2
 Stab: Sleeping          |     1 |     1 |     1 ||     3
Armor: Robe              |    13 |    10 |    18 ||    41
Dodge: Dodged            |    28 |    26 |    28 ||    82
Block: Other             |     9 |     9 |     9 ||    27
